 Dungeon Sprint DCSS version 0.19-a0-996-g3cba913 (webtiles) character file.

434 Musica the Impaler (level 7, -1/61 HPs)
             Began as a Merfolk Gladiator on July 18, 2016.
             Was an Initiate of Qazlal.
             Slain by Sonja
             ... wielding a +0 short sword of distortion
              (11 damage)
             ... while paralysed by Sonja
             ... in the Dungeon (Sprint I: "Red Sonja").
             The game lasted 00:02:10 (333 turns).

Musica the Impaler (Merfolk Gladiator)               Turns: 333, Time: 00:02:12

Health: -1/61      AC:  4    Str: 15    XL:     7   Next: 0%
Magic:  7/7        EV:  2    Int:  8    God:    Qazlal [......]
Gold:   313        SH:  0    Dex: 16    Spells: 0 memorised, 6 levels left

rFire  . . .     SeeInvis .     n - +0 scythe
rCold  . . .     Gourm    .     b - +0 leather armour
rNeg   . . .     Faith    .     (shield currently unavailable)
rPois  .         Spirit   .     c - +0 helmet
rElec  .         Dismiss  .     (no cloak)
rCorr  .         Reflect  .     (no gloves)
SustAt .         Harm     .     (no boots)
MR     .....     NoTele   +     (no amulet)
Stlth  +.........               (no ring)
                                (no ring)

@: paralysed, very slightly contaminated, hasted and slowed, not resistant to
hostile enchantments, very unstealthy
A: change form in water, swift swim
a: Renounce Religion


You were in the Dungeon.
You worshipped Qazlal.
Qazlal was noncommittal.
You were not hungry.

You visited 1 branch You collected 313 gold pieces.

Inventory:

Hand Weapons
 a - a +0 trident
 n - a +0 scythe (weapon)
Missiles
 d - 3 throwing nets (quivered)
Armour
 b - a +0 leather armour (worn)
 c - a +0 helmet (worn)
Wands
 p - a wand of paralysis (7/24)
Scrolls
 k - a scroll of blinking
Potions
 i - 2 potions of magic
 j - a potion of berserk rage
 m - a potion of lignification {unknown}
Comestibles
 f - a bread ration
 o - a meat ration


   Skills:
 + Level 7.9 Fighting
 + Level 17.0 Polearms
 - Level 2.0 Throwing
 - Level 4.0 Dodging


You had 6 spell levels left.
You didn't know any spells.

Dungeon Overview and Level Annotations

Branches:
Dungeon (1/1)

Altars:
Elyvilon
Gozag
Hepliaklqana
Kikubaaqudgha
Makhleb
Nemelex Xobeh
Okawaru
Pakellas
Qazlal
Ru
Sif Muna
Trog
Uskayaw
Vehumet
Xom
Yredelemnul
Zin
The Shining One

Shops:
D *

Annotations:
D Sonja


Message History

* * * LOW HITPOINT WARNING * * *
Sonja hits you but does no damage. Space bends around you.
* * * LOW HITPOINT WARNING * * *
Unknown command.
You feel much better.
You feel sick. Sonja barely misses you. x2
Sonja misses you. Sonja completely misses you.
Sonja hits you with an uncursed short sword of distortion.
Space bends around you.
* * * LOW HITPOINT WARNING * * *
Sonja hits you but does no damage. Space bends around you.
* * * LOW HITPOINT WARNING * * *
You feel better.
Sonja zaps a wand.
You suddenly lose the ability to move!
Sonja hits you with an uncursed short sword of distortion.
Space bends around you.
* * * LOW HITPOINT WARNING * * *
Sonja hits you but does no damage.
Sonja hits you with an uncursed short sword of distortion.
* * * LOW HITPOINT WARNING * * *
Space warps horribly around you!
You die...

#<.#..)..#..'..#
#..'..#..'[.#..+
#..#####'#####'#
#..####..#...#.#
#..#__####..##.#
#..#_____##'#..+
#⌠⌠#_.∩...†.(._#
####_._._##_K#'#
#_____###@#.#
####### #.###
$.$ #$.$# ##.##
#+#


You could see Sonja.

Vanquished Creatures
  Sigmund (D)
  A yak (D)
  An ogre (D)
  A jelly (D)
  Ijyb (D)
5 creatures vanquished.

Notes
Turn   | Place    | Note
-------+----------+-------------------------------------------
     0 | D        | Musica the Merfolk Gladiator began the quest for the Orb.
     0 | D        | Reached XP level 1. HP: 16/16 MP: 1/1
     2 | D        | Noticed Ijyb
    20 | D        | Killed Ijyb
    20 | D        | Reached skill level 8 in Polearms
    20 | D        | Reached XP level 2. HP: 22/24 MP: 2/2
    20 | D        | Reached XP level 3. HP: 27/29 MP: 3/3
    25 | D        | Noticed an ogre
    31 | D        | Killed an ogre
    31 | D        | Reached skill level 5 in Fighting
    31 | D        | Reached skill level 12 in Polearms
    31 | D        | Reached XP level 4. HP: 19/39 MP: 4/4
   185 | D        | Noticed Sigmund
   200 | D        | Killed Sigmund
   200 | D        | Reached skill level 15 in Polearms
   200 | D        | Reached XP level 5. HP: 35/47 MP: 5/5
   200 | D        | Reached XP level 6. HP: 40/53 MP: 6/6
   219 | D        | Found a deep blue altar of Sif Muna.
   221 | D        | Found a radiant altar of Vehumet.
   239 | D        | Found Pusikle's Assorted Antiques.
   239 | D        | Found a white marble altar of Elyvilon.
   239 | D        | Found a stormy altar of Qazlal.
   239 | D        | Found a burning altar of Makhleb.
   239 | D        | Found a sacrificial altar of Ru.
   239 | D        | Found a hazy altar of Hepliaklqana.
   239 | D        | Found an oddly glowing altar of Pakellas.
   239 | D        | Found a hide-covered altar of Uskayaw.
   239 | D        | Found a basalt altar of Yredelemnul.
   239 | D        | Found a glowing golden altar of the Shining One.
   239 | D        | Found a sparkling altar of Nemelex Xobeh.
   239 | D        | Found a shimmering altar of Xom.
   239 | D        | Found an opulent altar of Gozag.
   239 | D        | Found an ancient bone altar of Kikubaaqudgha.
   239 | D        | Found a glowing silver altar of Zin.
   239 | D        | Noticed a yak
   245 | D        | Killed a yak
   245 | D        | Reached skill level 17 in Polearms
   245 | D        | Reached XP level 7. HP: 46/61 MP: 7/7
   246 | D        | Found an iron altar of Okawaru.
   247 | D        | Found a bloodstained altar of Trog.
   250 | D        | Became a worshipper of Qazlal Stormbringer
   322 | D        | Noticed Sonja
   323 | D        | Paralysed by Sonja for 5 turns
   330 | D        | HP: 2/61 [Sonja/uncursed short sword of distortion (2)]
   332 | D        | Paralysed by Sonja for 6 turns
   333 | D        | Slain by Sonja

Vault maps used:
D:        dungeon_sprint_1

Skill      XL: |  1  2  3  4  5  6 |
---------------+-------------------+-----
Fighting       | 3 5 6 7 |  7.9
Polearms       | 8 12 15 17 | 17.0
Throwing       | |  2.0
Dodging        | |  4.0

Action                   |  1- 3 |  4- 6 |  7- 9 || total
-------------------------+-------+-------+-------++-------
Melee: Trident           |    24 |    15 |       ||    39
       Scythe            |       |     7 |     3 ||    10
  Use: Potion            |       |       |     3 ||     3
Armor: Leather armour    |     2 |       |     4 ||     6
Dodge: Dodged            |    15 |     8 |     8 ||    31
